 Dungeon Crawl Stone Soup version 0.19.5 (webtiles) character file.

60 equalderp2856 the Caller (level 3, -4/15 HPs)
             Began as a Felid Summoner on Apr 1, 2017.
             Shot with a stone by a goblin (5 damage)
             ... led by Robin
             ... on level 3 of the Dungeon.
             The game lasted 00:06:16 (3793 turns).

equalderp2856 the Caller (Felid Summoner)           Turns: 3793, Time: 00:06:17

Health: -4/15      AC:  1    Str:  4    XL:     3   Next: 80%
Magic:  5/7        EV: 19    Int: 16    God:
Gold:   103        SH:  0    Dex: 17    Spells: 2 memorised, 3 levels left
                                        Lives:  0   Deaths: 0

rFire  . . .     SeeInvis +       - Unarmed
rCold  . . .     Gourm    .     (armour unavailable)
rNeg   . . .     Faith    .     (shield unavailable)
rPois  .         Spirit   .     (helmet unavailable)
rElec  .         Reflect  .     (cloak unavailable)
rCorr  .         Harm     .     (gloves unavailable)
MR     .....                    (boots unavailable)
Stlth  +++.......               (no amulet)
                                (no ring)
                                (no ring)

@: quick
A: no armour, no weapons or thrown items, stealth, claws 1, fangs 3, see
invisible, carnivore 3, speed 1, shaggy fur 1, slow metabolism 1, sharp paws
a: no special abilities


You were on level 3 of the Dungeon.
You were very full.

You visited 1 branch of the dungeon, and saw 3 of its levels.

You collected 103 gold pieces.

Inventory:

Jewellery
 d - an uncursed amulet of harm {unknown}
 m - an uncursed ring of stealth {unknown}
Scrolls
 e - a scroll of fear {unknown}
 h - 3 scrolls of teleportation {unknown}
 i - 2 scrolls of remove curse {unknown}
 j - 2 scrolls of enchant weapon {unknown}
 k - a scroll of recharging {unknown}
 l - 2 scrolls of magic mapping {unknown}
 q - a scroll of identify {unknown}
 s - a scroll of random uselessness {unknown}
 t - a scroll of amnesia {unknown}
 u - a scroll of enchant armour {unknown}
Potions
 c - a potion of cure mutation {unknown}
 f - a potion of heal wounds {unknown}
 g - a potion of berserk rage {unknown}
 o - a potion of cancellation {unknown}
 r - a potion of degeneration {unknown}
Books
 a - a book of Callings

   Spells                             Type                      Level
   a - Summon Small Mammal            Summoning                    1
   b - Call Imp                       Summoning                    2
   c - Call Canine Familiar           Summoning                    3
   d - Summon Guardian Golem          Hexes/Summoning              3
   e - Summon Lightning Spire         Summoning/Air                4
   f - Summon Ice Beast               Ice/Summoning                4
Comestibles
 b - 2 meat rations
 n - a beef jerky
 p - a slice of pizza


   Skills:
 + Level 1.0 Fighting
 + Level 3.7 Dodging
 + Level 3.4 Stealth
 + Level 2.0 Unarmed Combat
 - Level 2.0 Spellcasting
 - Level 4.0 Summonings


You had 3 spell levels left.
You knew the following spells:

 Your Spells              Type           Power        Failure   Level  Hunger
a - Summon Small Mammal   Summ           ##..         4%          1    #......
b - Call Imp              Summ           ##......     8%          2    ###....


Dungeon Overview and Level Annotations

Branches:
Dungeon (3/15)

Altars:
Fedhas
Okawaru
Xom
The Shining One

Annotations:
D:3 Robin


Innate Abilities, Weirdness & Mutations

You cannot wear armour.
You are incapable of wielding weapons or throwing items.
Your paws allow you to move quietly. (Stealth)
You have sharp claws.
You have razor-sharp teeth.
You have supernaturally acute eyesight. (SInv)
You are carnivorous and can eat meat at any time.
You cover ground quickly.
You are covered in fur. (AC +1)
You have a slow metabolism.
Your sharp claws are effective at attacking unaware monsters.


Message History

You scratch the rat but do no damage. You bite the rat.
The rat is heavily wounded.
The rat bites you.
Robin roars a battlecry!
The goblins go into a battle-frenzy!
A goblin comes into view.
The goblin shouts!
You hear a shout! x2
The goblin closely misses you.
Casting: Call Imp
Confirm with . or Enter, or press ? or * to list all spells.
A beastly little devil appears in a puff of flame.
Robin throws the goblin at you! The rat bites your crimson imp.
The goblin hits you. The goblin hits you with a dagger!
* * * LOW HITPOINT WARNING * * *
A goblin comes into view. It is wielding a club.
The rat closely misses something.
The goblin unwields an uncursed dagger.
The goblin wields a hunting sling.
The goblin shoots a stone.
The stone hits you.
You die...

............###
.########.....#
###.###.###### #
..######...#
#...§..# .$.
.....#.#.###.####.#
#>.###.g#.......#
#.#
#.gg†gr.gg.#...##
#.#
#..?##.5#.#_#..#
#.# #.. #..#.@#...#
#.# #g #..#.....##
#.# # .........#
#.#
.#..############.#
..#..# #.......<#
#.....# #.########
... #..


You could see 3 goblins.

Vanquished Creatures
  A worm (D:2)
  4 bats
  2 giant cockroaches
  A goblin (D:2)
  4 hobgoblins
  4 jackals
  3 kobolds (D:1)
  2 ball pythons (D:2)
  A frilled lizard (D:2)
  7 rats
29 creatures vanquished.

Vanquished Creatures (collateral kills)
  2 adders
  2 dart slugs (D:2)
  A worm (D:2)
  3 giant cockroaches
  3 goblins
  A hobgoblin (D:1)
  5 jackals
  A quokka (D:2)
  2 frilled lizards (D:1)
  2 kobolds
22 creatures vanquished.

Grand Total: 51 creatures vanquished

Notes
Turn   | Place    | Note
-------+----------+-------------------------------------------
     0 | D:1      | equalderp2856 the Felid Summoner began the quest for the Orb.
     0 | D:1      | Reached XP level 1. HP: 7/7 MP: 4/4
   756 | D:1      | Reached XP level 2. HP: 3/11 MP: 3/6
   997 | D:1      | Learned a level 2 spell: Call Imp
  1392 | D:1      | Reached skill level 1 in Unarmed Combat
  2228 | D:2      | Reached XP level 3. HP: 7/15 MP: 1/7
  2854 | D:2      | Found a glowing golden altar of the Shining One.
  3226 | D:2      | Found an iron altar of Okawaru.
  3226 | D:2      | Found a shimmering altar of Xom.
  3267 | D:2      | Found a blossoming altar of Fedhas.
  3596 | D:3      | Found a faded altar of an unknown god.
  3615 | D:3      | Reached skill level 1 in Fighting
  3786 | D:3      | Noticed Robin
  3793 | D:3      | Shot with a stone by a goblin

Skill      XL: |  1  2  3 |
---------------+----------+-----
Dodging        | 3 |  3.7
Stealth        | 3 |  3.4
Unarmed Combat | 1 2 |  2.0
Fighting       | 1 |  1.0
Spellcasting   | |  2.0
Summonings     | |  4.0

Action                   || total
-------------------------++-------
Melee: Unarmed           ||   121
       Bite              ||    11
 Cast: Summon Small Mamm ||    34
       Call Imp          ||    15
 Stab: Sleeping          ||     6
       Distracted        ||     1
  Eat: Chunk             ||    13
Armor: Skin              ||     9
Dodge: Dodged            ||   160
